3L
MONTANA PANDAS @ HOUSTON 1837 BBC
07/19/2031
 
TOP OF THE 1ST
Montana Pandas batting - Pitching for Houston 1837 BBC : LHP Prince Michael Jackson
Pitching: LHP Prince Michael Jackson
Batting: LHB Roberto Fierro 0-0: Ball
1-0: Called Strike
1-1: Ball
2-1: Called Strike
2-2: Ball
3-2: Strikes out swinging
Batting: RHB Kade Knowles 0-0: Called Strike
0-1: Ball
1-1: Ball
2-1: Ground out 6-3 (Groundball, 6)
Batting: RHB Casey Cavell 0-0: Ball
1-0: Ground out 6-3 (Groundball, 6)
Top of the 1st over - 0 runs, 0 hits, 0 errors, 0 left on base; Montana 0 - Houston 0
BOTTOM OF THE 1ST
Houston 1837 BBC batting - Pitching for Montana Pandas : RHP Armando Marrero
Pitching: RHP Armando Marrero
Batting: RHB Kenny Fleming 0-0: Ball
1-0: Ball
2-0: Ball
3-0: Base on Balls
Batting: LHB Fa-tang Wang 0-0: Ball
1-0: Ball
2-0: Called Strike
2-1: Fielders Choice at 2nd, 4-6 (Groundball, 4)
Batting: RHB Bob Dickerson 0-0: Ball
1-0: Foul Ball, location: 2F
1-1: Ball
2-1: Foul Ball, location: 2F
2-2: Foul Ball, location: 2F
2-2: Ball
3-2: Strikes out looking
Batting: RHB Dave Yates 0-0: Called Strike
0-1: Ball
1-1: Foul Ball, location: 2F
1-2: Strikes out swinging
Bottom of the 1st over - 0 runs, 0 hits, 0 errors, 1 left on base; Montana 0 - Houston 0
TOP OF THE 2ND
Montana Pandas batting - Pitching for Houston 1837 BBC : LHP Prince Michael Jackson
Batting: SHB Jesús Cabañe 0-0: Ball
1-0: SOLO HOME RUN (Flyball, 8LD), Distance : 449 ft
Batting: RHB Pedro Morales 0-0: Called Strike
0-1: Called Strike
0-2: Strikes out looking
Batting: LHB Miguel Gazivoda 0-0: Called Strike
0-1: Swinging Strike
0-2: Fly out, F3 (Line Drive, 34)
Batting: RHB Lionel McCloud 0-0: Ball
1-0: Called Strike
1-1: Foul Ball, location: 2F
1-2: SINGLE (Groundball, 56D)
Batting: RHB Juan Aguirre 0-0: Fly out, F6 (Popup, 6)
Top of the 2nd over - 1 run, 2 hits, 0 errors, 1 left on base; Montana 1 - Houston 0
BOTTOM OF THE 2ND
Houston 1837 BBC batting - Pitching for Montana Pandas : RHP Armando Marrero
Batting: LHB Guillermo Arellano 0-0: Ball
1-0: Ball
2-0: Foul Ball, location: 2F
2-1: SOLO HOME RUN (Flyball, 9LD), Distance : 371 ft
Batting: RHB Scott Robertson 0-0: Ground out 4-3 (Groundball, 4)
Batting: RHB Joey Trifone 0-0: Foul Ball, location: 2F
0-1: Called Strike
0-2: Strikes out swinging
Batting: RHB Armond Merlin 0-0: Ball
1-0: Ground out 6-3 (Groundball, 6)
Bottom of the 2nd over - 1 run, 1 hit, 0 errors, 0 left on base; Montana 1 - Houston 1
TOP OF THE 3RD
Montana Pandas batting - Pitching for Houston 1837 BBC : LHP Prince Michael Jackson
Batting: RHB Joe Craig 0-0: Ball
1-0: Ball
2-0: Called Strike
2-1: Called Strike
2-2: Foul Ball, location: 2F
2-2: Foul Ball, location: 2F
2-2: Ball
3-2: Base on Balls
Batting: LHB Roberto Fierro 0-0: Ball
1-0: Foul Ball, location: 2F
1-1: SINGLE (Groundball, 56D)
Joe Craig to second
Batting: RHB Kade Knowles 0-0: Ball
1-0: DOUBLE (Line Drive, 9LM)
Joe Craig scores
Roberto Fierro to third
Runner from 3rd tries for Home, SAFE, no throw
Batting: RHB Casey Cavell 0-0: Ball
1-0: Ball
2-0: Foul Ball, location: 2F
2-1: Called Strike
2-2: Foul Ball, location: 2F
2-2: Foul Ball, location: 2F
2-2: Ball
3-2: Strikes out swinging
Batting: SHB Jesús Cabañe 0-0: Called Strike
0-1: Ball
1-1: Swinging Strike
1-2: SINGLE (Groundball, 34D)
Kade Knowles to third
Runner from 3rd tries for Home, SAFE, no throw
Batting: RHB Pedro Morales 0-0: Called Strike
0-1: Called Strike
0-2: Ball
1-2: SINGLE (Groundball, 6MD)
Jesús Cabañe to second
Batting: LHB Miguel Gazivoda 0-0: Ball
1-0: Fly out, F9 (Flyball, 89M)
Batting: RHB Lionel McCloud 0-0: Swinging Strike
0-1: Ball
1-1: Ball
2-1: Called Strike
2-2: Ball
3-2: Strikes out swinging
Top of the 3rd over - 3 runs, 4 hits, 0 errors, 2 left on base; Montana 4 - Houston 1
BOTTOM OF THE 3RD
Houston 1837 BBC batting - Pitching for Montana Pandas : RHP Armando Marrero
Batting: SHB Eduardo Pampin 0-0: Ball
1-0: Foul Ball, location: 2F
1-1: Foul Ball, location: 2F
1-2: Strikes out swinging
Batting: RHB Kenny Fleming 0-0: Hit by Pitch
Batting: LHB Fa-tang Wang 0-0: Ball
1-0: Called Strike
1-1: Ball
2-1: Called Strike
2-2: Strikes out swinging
Batting: RHB Bob Dickerson 0-0: Ball
Kenny Fleming steals 2nd base
1-0: Ball
2-0: Fly out, F8 (Flyball, 8RS)
Bottom of the 3rd over - 0 runs, 0 hits, 0 errors, 1 left on base; Montana 4 - Houston 1
TOP OF THE 4TH
Montana Pandas batting - Pitching for Houston 1837 BBC : LHP Prince Michael Jackson
Batting: RHB Juan Aguirre 0-0: Ball
1-0: Ball
2-0: Ball
3-0: Called Strike
3-1: Base on Balls
Batting: RHB Joe Craig 0-0: Foul Ball, location: 2F
0-1: Ball
1-1: Swinging Strike
1-2: Strikes out looking
Batting: LHB Roberto Fierro 0-0: Ball
1-0: Called Strike
1-1: Called Strike
1-2: Ball
2-2: Foul Ball, location: 2F
2-2: Ground out 4-3 (Groundball, 4S)
Juan Aguirre to second
Batting: RHB Kade Knowles 0-0: Called Strike
0-1: Ball
1-1: Ball
2-1: Swinging Strike
2-2: Foul Ball, location: 2F
2-2: Foul Ball, location: 2F
2-2: Foul Ball, location: 2F
2-2: Ball
3-2: Base on Balls
Batting: RHB Casey Cavell 0-0: Ball
1-0: Called Strike
1-1: Ball
2-1: Fly out, F7 (Flyball, 7LS)
Top of the 4th over - 0 runs, 0 hits, 0 errors, 2 left on base; Montana 4 - Houston 1
BOTTOM OF THE 4TH
Houston 1837 BBC batting - Pitching for Montana Pandas : RHP Armando Marrero
Batting: RHB Dave Yates 0-0: Swinging Strike
0-1: Ball
1-1: Ball
2-1: Foul Ball, location: 2F
2-2: Ball
3-2: DOUBLE (Line Drive, 9D)
Batting: LHB Guillermo Arellano 0-0: Called Strike
0-1: Fly out, F9 (Flyball, 9LMF)
Batting: RHB Scott Robertson 0-0: Ball
1-0: Swinging Strike
1-1: Called Strike
1-2: Foul Ball, location: 2F
1-2: Ball
2-2: Ball
3-2: Foul Ball, location: 2F
3-2: Strikes out swinging
Batting: RHB Joey Trifone 0-0: Called Strike
0-1: Ball
1-1: Fly out, F8 (Line Drive, 8LD)
Bottom of the 4th over - 0 runs, 1 hit, 0 errors, 1 left on base; Montana 4 - Houston 1
TOP OF THE 5TH
Montana Pandas batting - Pitching for Houston 1837 BBC : LHP Prince Michael Jackson
Pitching: RHP Keith Cochrane
Batting: SHB Jesús Cabañe 0-0: Called Strike
0-1: Ball
1-1: Foul Ball, location: 2F
1-2: Fly out, F8 (Flyball, 8LM)
Batting: RHB Pedro Morales 0-0: Ground out 4-3 (Groundball, 4)
Batting: LHB Miguel Gazivoda 0-0: Ball
1-0: Ball
2-0: Foul Ball, location: 2F
2-1: Ball
3-1: Called Strike
3-2: Base on Balls
Batting: RHB Lionel McCloud 0-0: Called Strike
0-1: Ball
1-1: Fielders Choice at 2nd, 6-4 (Groundball, 6)
Top of the 5th over - 0 runs, 0 hits, 0 errors, 1 left on base; Montana 4 - Houston 1
BOTTOM OF THE 5TH
Houston 1837 BBC batting - Pitching for Montana Pandas : RHP Armando Marrero
Batting: RHB Armond Merlin 0-0: Ball
1-0: Called Strike
1-1: Foul Ball, location: 2F
1-2: Foul Ball, location: 2F
1-2: Fly out, F9 (Line Drive, 9)
Batting: SHB Eduardo Pampin 0-0: Called Strike
0-1: Foul Ball, location: 2F
0-2: Ball
1-2: Fly out, F9 (Flyball, 9LMF)
Batting: RHB Kenny Fleming 0-0: Swinging Strike
0-1: Foul Ball, location: 2F
0-2: SINGLE (Line Drive, 8RS)
Batting: LHB Fa-tang Wang 0-0: Ball
Kenny Fleming steals 2nd base
1-0: Fly out, F3 (Line Drive, 3L)
Bottom of the 5th over - 0 runs, 1 hit, 0 errors, 1 left on base; Montana 4 - Houston 1
TOP OF THE 6TH
Montana Pandas batting - Pitching for Houston 1837 BBC : RHP Keith Cochrane
Batting: RHB Juan Aguirre 0-0: Ball
1-0: Swinging Strike
1-1: Foul Ball, location: 2F
1-2: Ball
2-2: Strikes out swinging
Batting: RHB Joe Craig 0-0: Ground out 5-3 (Groundball, 5L)
Batting: LHB Roberto Fierro 0-0: Foul Ball, location: 2F
0-1: Ball
1-1: Ball
2-1: Foul Ball, location: 2F
2-2: Foul Ball, location: 2F
2-2: Strikes out looking
Top of the 6th over - 0 runs, 0 hits, 0 errors, 0 left on base; Montana 4 - Houston 1
BOTTOM OF THE 6TH
Houston 1837 BBC batting - Pitching for Montana Pandas : RHP Armando Marrero
Batting: RHB Bob Dickerson 0-0: Foul Ball, location: 2F
0-1: Foul Ball, location: 2F
0-2: Ball
1-2: Ground out 5-3 (Groundball, 56)
Batting: RHB Dave Yates 0-0: SINGLE (Groundball, 34D)
Batting: LHB Guillermo Arellano 0-0: Ball
1-0: Called Strike
1-1: Ball
2-1: Ball
3-1: Base on Balls
Dave Yates to second
Pitching: LHP Morlack Spurgeon
Batting: RHB Scott Robertson 0-0: Ball
1-0: Fly out, F8 (Flyball, 89D)
Runner from 2nd tags up, SAFE at 3rd, no throw
Batting: RHB Joey Trifone 0-0: Called Strike
0-1: Ball
1-1: Ball
2-1: Ball
3-1: Foul Ball, location: 2F
3-2: Strikes out looking
Bottom of the 6th over - 0 runs, 1 hit, 0 errors, 2 left on base; Montana 4 - Houston 1
TOP OF THE 7TH
Montana Pandas batting - Pitching for Houston 1837 BBC : RHP Keith Cochrane
Batting: RHB Kade Knowles 0-0: Ground out 4-3 (Groundball, 4)
Batting: RHB Casey Cavell 0-0: Foul Ball, location: 2F
0-1: Ball
1-1: Foul Ball, location: 2F
1-2: Foul Ball, location: 2F
1-2: Ball
2-2: Foul Ball, location: 2F
2-2: DOUBLE (Line Drive, 7LM)
Batting: SHB Jesús Cabañe 0-0: Called Strike
0-1: Ball
1-1: Ground out 6-3 (Groundball, 6)
Casey Cavell to third
Batting: RHB Pedro Morales 0-0: Foul Ball, location: 2F
0-1: Swinging Strike
0-2: Strikes out swinging
Top of the 7th over - 0 runs, 1 hit, 0 errors, 1 left on base; Montana 4 - Houston 1
BOTTOM OF THE 7TH
Houston 1837 BBC batting - Pitching for Montana Pandas : LHP Morlack Spurgeon
Batting: RHB Armond Merlin 0-0: Ground out 6-3 (Groundball, 6M)
Batting: SHB Eduardo Pampin 0-0: Ball
1-0: Fly out, F7 (Flyball, 7)
Batting: RHB Kenny Fleming 0-0: Ball
1-0: Ball
2-0: Foul Ball, location: 2F
2-1: Ball
3-1: Foul Ball, location: 2F
3-2: Ground out 4-3 (Groundball, 4)
Bottom of the 7th over - 0 runs, 0 hits, 0 errors, 0 left on base; Montana 4 - Houston 1
TOP OF THE 8TH
Montana Pandas batting - Pitching for Houston 1837 BBC : RHP Keith Cochrane
Batting: LHB Miguel Gazivoda 0-0: Called Strike
0-1: Ball
1-1: Fly out, F8 (Flyball, 8RXD)
Batting: RHB Lionel McCloud 0-0: Called Strike
0-1: Fly out, F4 (Line Drive, 4)
Batting: RHB Juan Aguirre 0-0: Called Strike
0-1: Ball
1-1: Foul Ball, location: 2F
1-2: Ball
2-2: Ball
3-2: Fly out, F7 (Flyball, 7S)
Top of the 8th over - 0 runs, 0 hits, 0 errors, 0 left on base; Montana 4 - Houston 1
BOTTOM OF THE 8TH
Houston 1837 BBC batting - Pitching for Montana Pandas : LHP Morlack Spurgeon
Batting: LHB Fa-tang Wang 0-0: Ground out 6-3 (Groundball, 6)
Batting: RHB Bob Dickerson 0-0: Called Strike
0-1: SOLO HOME RUN (Flyball, 7LD), Distance : 363 ft
Batting: RHB Dave Yates 0-0: Called Strike
0-1: Ball
1-1: Ground out 4-3 (Groundball, 4M)
Batting: LHB Guillermo Arellano 0-0: Ball
1-0: Ball
2-0: Foul Ball, location: 2F
2-1: Ball
3-1: Called Strike
3-2: Strikes out swinging
Bottom of the 8th over - 1 run, 1 hit, 0 errors, 0 left on base; Montana 4 - Houston 2
TOP OF THE 9TH
Montana Pandas batting - Pitching for Houston 1837 BBC : RHP Keith Cochrane
Batting: RHB Joe Craig 0-0: Ball
1-0: Called Strike
1-1: Ground out U3 (Groundball, 3)
Batting: LHB Roberto Fierro 0-0: Ball
1-0: DOUBLE (Line Drive, 7LS)
Batting: RHB Kade Knowles 0-0: Called Strike
Roberto Fierro steals 3rd base
0-1: Fly out, F7 (Flyball, 78S)
Batting: RHB Casey Cavell 0-0: Swinging Strike
0-1: Ball
1-1: Foul Ball, location: 2F
1-2: Ball
2-2: Strikes out swinging
Top of the 9th over - 0 runs, 1 hit, 0 errors, 1 left on base; Montana 4 - Houston 2
BOTTOM OF THE 9TH
Houston 1837 BBC batting - Pitching for Montana Pandas : LHP Morlack Spurgeon
Batting: RHB Scott Robertson 0-0: Called Strike
0-1: Fly out, F9 (Flyball, 89D)
Pitching: RHP Brandon Bannatyne
Batting: RHB Joey Trifone 0-0: Swinging Strike
0-1: SINGLE (Groundball, 25) (infield hit)
Batting: RHB Armond Merlin 0-0: Called Strike
0-1: Foul Ball, location: 2F
0-2: Ball
1-2: Fielders Choice at 2nd, 1-6 (Groundball, 13S)
Batting: SHB Eduardo Pampin 0-0: Ball
1-0: Called Strike
1-1: Ball
2-1: Ball
3-1: Base on Balls
Armond Merlin to second
Pinch Hitting: RHB Juan Chávez 0-0: Foul Ball, location: 2F
0-1: Ball
1-1: Fly out, F6 (Line Drive, 6)
Bottom of the 9th over - 0 runs, 1 hit, 0 errors, 2 left on base; Montana 4 - Houston 2
Tuesday, June 12th, 2018 - OOTP Baseball 18.8 Build 76